 Dungeon Crawl Stone Soup version 0.30-a0-476-g330ca2eb8e (webtiles) character file.

Game seed: 4500802403796072834

4025 bmack86 the Slicer (level 10, -1/86 HPs)
             Began as a Minotaur Fighter on Dec 21, 2022.
             Was a Believer of the Shining One.
             Slain by a wight
             ... wielding a +0 trident
              (6 damage)
             ... on level 8 of the Dungeon.
             The game lasted 00:20:04 (6898 turns).

bmack86 the Slicer (Minotaur Fighter)               Turns: 6898, Time: 00:20:05

Health: -1/86      AC: 12    Str: 31    XL:     10   Next: 4%
Magic:  24/24      EV: 10    Int:  5    God:    the Shining One [**....]
Gold:   375        SH:  6    Dex: 16    Spells: 9/9 levels left

rFire   . . .      SeeInvis .    q - +7 captain's cutlass {speed, disarm}
rCold   . . .      Faith    +    c - +0 buckler
rNeg    + . .      Spirit   .    C - +0 chain mail
rPois   .          Reflect  .    (helmet restricted)
rElec   .          Harm     .    (no cloak)
rCorr   .          Rampage  .    (no gloves)
Will    +....                    g - +0 pair of boots
Stlth   ..........               D
                                   - Hermit's Pendant {Faith Invo=14 Evo=0 MP+5}
HPRegen 0.34/turn                e - +6 ring of strength
MPRegen 0.19/turn                d - ring "Qefyquo" {Will+ Dex+6}

@: flying, glowing
A: horns 2, retaliatory headbutt
a: Renounce Religion, Divine Shield


You were on level 8 of the Dungeon.
You worshipped the Shining One.
The Shining One was pleased with you.
You visited 1 branch of the dungeon, and saw 8 of its levels.

You collected 375 gold pieces.

Inventory:

Hand Weapons
 a - a +0 war axe
 k - the +7 spear "Ottah" {drain, rN+ Stlth+}
   (You found it on level 3 of the Dungeon)

   A truly terrible weapon, it drains the life of any living foe it strikes.
   rN:        It protects you from negative energy.
   Stlth:     It makes you more stealthy.
   The Shining One disapproves of the use of such an item.
 q - the +7 captain's cutlass (weapon) {speed, disarm}
   (You found it on level 3 of the Dungeon)

   Attacks with this weapon are significantly faster.
   It may disarm weapon-wielding foes when striking them, dealing extra damage
   in the process.
 s - a +0 broad axe
Missiles
 f - 20 poisoned darts (quivered)
 F - 3 throwing nets
Armour
 b - a +0 scale mail
 c - a +0 buckler (worn)
 g - a +0 pair of boots (worn)
 C - a +0 chain mail (worn)
 H - a +0 pair of boots
Jewellery
 d - the ring "Qefyquo" (right hand) {Will+ Dex+6}
   (You found it on level 6 of the Dungeon)

   [ring of dexterity]

   Dex:       It affects your dexterity (+6).
   Will:      It increases your willpower.
 e - a +6 ring of strength (left hand)
 y - a ring of willpower
 z - an amulet of the acrobat
 D - the Hermit's Pendant (around neck) {Faith Invo=14 Evo=0 MP+5}
   (You found it on level 6 of the Dungeon)

   [amulet of faith]

   It sets your invocations skill to 14 and your evocations skill to 0.
   It allows you to gain divine favour quickly.
   MP:        It affects your magic capacity (+5).
 E - a ring of positive energy
Wands
 r - a wand of iceblast (7)
 A - a wand of paralysis (3)
Scrolls
 h - 3 scrolls of silence
 i - 3 scrolls of teleportation
 j - 4 scrolls of fog
 o - 3 scrolls of fear
 v - a scroll of summoning
 w - a scroll of noise
Potions
 l - 2 potions of flight
 m - a potion of brilliance {unknown}
 n - 4 potions of curing
 p - a potion of attraction {unknown}
 t - a potion of mutation {unknown}
 u - a potion of degeneration {unknown}
 x - 3 potions of berserk rage {unknown}
 B - a potion of magic {unknown}
 G - a potion of haste {unknown}
 J - a potion of heal wounds {unknown}


   Skills:
 + Level 7.3 Fighting
 + Level 9.7 Short Blades
 + Level 4.3 Axes
 + Level 1.2 Throwing
 + Level 9.7 Armour
 + Level 4.1 Dodging
 + Level 1.3 Stealth
 + Level 5.8 Shields


You had 9 spell levels left.
You didn't know any spells.
Your spell library contained the following spells:

 Spells                   Type           Power      Damage    Failure   Level
 Kiss of Death            Conj/Necr      0%         2d5       95%         1
 Slow                     Hex            0%         N/A       95%         1
 Confusing Touch          Hex            0%         N/A       100%        3
 Gell's Gravitas          Tloc           0%         N/A       100%        3
 Hailstorm                Conj/Ice       0%         3d3       100%        3
 Lesser Beckoning         Tloc           0%         N/A       100%        3
 Teleport Other           Tloc           0%         N/A       100%        3
 Vampiric Draining        Necr           0%         2d6       100%        3
 Dispel Undead            Necr           0%         3d6       100%        4
 Ice Form                 Ice/Tmut       0%         N/A       100%        4
 Simulacrum               Ice/Necr       0%         N/A       100%        6


Dungeon Overview and Level Annotations

Branches:
Dungeon (8/15)             Temple (0/1) D:6
   Lair: D:8-11

Altars:
Ashenzari
Cheibriados
Hepliaklqana
Nemelex Xobeh
Qazlal
Xom
Yredelemnul
Zin
The Shining One

Shops:
D:4 (


Innate Abilities, Weirdness & Mutations

You have a pair of horns on your head.
You reflexively headbutt those who attack you in melee.


Message History

The warg closely misses you. You furiously retaliate!
You headbutt the warg! The warg misses you. You furiously retaliate!
You headbutt the warg. You hit the warg but do no damage.
You headbutt the warg.
The warg is heavily wounded.
The wight hits you with a +0 falchion! You partially resist.
You feel drained. You block the warg's attack.
You puncture the warg!
The warg is severely wounded.
You hit the warg. Your headbutt misses the warg.
The warg is almost dead.
The warg bites you but does no damage.
The wight hits you from afar with a +0 trident.
* * * LOW HITPOINT WARNING * * *
You partially resist.
You feel drained.
* * * LOW HITPOINT WARNING * * *
The warg attacks as you move away! You block the warg's attack.
The wight hits you with a +0 falchion!
* * * LOW HITPOINT WARNING * * *
An orc comes into view. It is wielding a +0 whip.
The warg bites you but does no damage.
You puncture the warg!
You kill the warg!
Your life force feels restored.
You have reached level 10!
You feel very buoyant.
You fly up into the air.
The wight hits you from afar with a +0 trident!
* * * LOW HITPOINT WARNING * * *
You hit the wight but do no damage. You headbutt the wight.
You destroy the wight!
The Shining One accepts your kill.
The wight hits you from afar with a +0 trident.
The Shining One protects you from harm! You block the wight's attack.
You block the wight's attack. The wight barely misses you.
There is a stone staircase leading up here.
Items here: ( )) †.
The wight hits you from afar with a +0 trident.
You die...

###.....###.#
#...........#
#.......... #........#
#........###..##. #.
###....[.......<... ...
.......))..#...... #...
...?..))).###.... ....
.......@))###.o# .....
.........z.##..####....#
...........#..#.#.....##
.....(.#...{o..)))....!#
.....#####.##...........
##.## ###†...........
... #......#....##. ..
..........##......
................#..


You could see a wight and an orc.

Vanquished Creatures
  Pikel (D:6)
  The ghost of Taurus the Chopper, a novice MiFi of the Shining One (D:6)
  A warg (D:8)
  Menkaure (D:6)
  Edmund (D:6)
  2 water moccasins
  6 black bears
  An ogre (D:5)
  A lemure (D:6)
  Blork the orc (D:4)
  A kobold brigand (D:8)
  A bullfrog (D:8)
  A gnoll sergeant (D:7)
  5 scorpions
  A necrophage (D:6)
  3 wights (D:8)
  5 killer bees (D:6)
  A hound (D:4)
  A jelly (D:4)
  5 quasits (D:6)
  A gnoll bouda (D:6)
  3 orc priests
  Terence (D:2)
  5 iguanas
  5 orc wizards
  13 gnolls
  3 adders
  A white imp (D:5)
  4 ufetubi
  6 worms
  3 dart slugs
  25 orcs
  8 ball pythons
  8 bats
  5 endoplasms
  3 giant cockroaches
  6 goblins
  4 hobgoblins
  3 jackals (D:3)
  6 quokkas
  2 frilled lizards (D:2)
  11 kobolds
  7 rats
173 creatures vanquished.

Vanquished Creatures (others)
  A worm (D:5)
  41 fungi (D:8)
42 creatures vanquished.

Grand Total: 215 creatures vanquished

Notes
Turn   | Place    | Note
-------+----------+-------------------------------------------
     0 | D:1      | bmack86 the Minotaur Fighter began the quest for the Orb.
     0 | D:1      | Reached XP level 1. HP: 19/19 MP: 0/0
   145 | D:1      | Reached XP level 2. HP: 24/27 MP: 1/1
   800 | D:2      | Reached XP level 3. HP: 33/33 MP: 2/2
  1420 | D:2      | Noticed Terence
  1430 | D:2      | Killed Terence
  1431 | D:2      | Reached XP level 4. HP: 34/40 MP: 3/3
  1528 | D:3      | Identified the +7 spear "Ottah" {drain, rN+ Stlth+}
  1844 | D:3      | Found the +7 captain's cutlass {speed, disarm}
  1845 | D:3      | Found a faded altar of an unknown god.
  2447 | D:4      | Reached skill level 1 in Dodging
  2452 | D:4      | Reached XP level 5. HP: 21/47 MP: 4/4
  2597 | D:4      | Found Vagiubb's Antique Weapon Boutique.
  2671 | D:4      | Reached skill level 1 in Short Blades
  2768 | D:4      | Reached skill level 5 in Armour
  2851 | D:4      | Found a stormy altar of Qazlal.
  2946 | D:4      | Noticed Blork the orc
  2956 | D:4      | Killed Blork the orc
  2957 | D:4      | Reached XP level 6. HP: 51/53 MP: 5/5
  3062 | D:4      | Found a hazy altar of Hepliaklqana.
  3363 | D:5      | Entered Level 5 of the Dungeon
  3367 | D:5      | Reached skill level 1 in Throwing
  3495 | D:5      | Found a sparkling altar of Nemelex Xobeh.
  3495 | D:5      | Found a glowing silver altar of Zin.
  3502 | D:5      | Found a broken altar of Ashenzari.
  3505 | D:5      | Found a faded altar of an unknown god.
  3507 | D:5      | Found a faded altar of an unknown god.
  3579 | D:5      | Found a shimmering altar of Xom.
  3767 | D:5      | Reached XP level 7. HP: 54/60 MP: 6/6
  3821 | D:5      | Found a snail-covered altar of Cheibriados.
  4232 | D:5      | Reached skill level 5 in Fighting
  4345 | D:5      | Found a basalt altar of Yredelemnul.
  4347 | D:5      | Noticed a profane servitor
  4360 | D:5      | Found a glowing golden altar of the Shining One.
  4362 | D:5      | Noticed an angel
  4367 | D:5      | Became a worshipper of the Shining One
  4483 | D:6      | Reached skill level 5 in Short Blades
  4637 | D:6      | Noticed Menkaure
  4650 | D:6      | Reached XP level 8. HP: 49/68 MP: 7/7
  4655 | D:6      | Killed Menkaure
  4656 | D:6      | Reached skill level 1 in Stealth
  4795 | D:6      | Found the Hermit's Pendant {Faith Invo=14 Evo=0 MP+5}
  4940 | D:6      | Found a staircase to the Ecumenical Temple.
  5119 | D:6      | Noticed Edmund
  5127 | D:6      | Reached skill level 5 in Shields
  5147 | D:6      | Killed Edmund
  5178 | D:6      | Noticed Pikel
  5191 | D:6      | Killed Pikel
  5192 | D:6      | Reached XP level 9. HP: 17/78 MP: 18/18
  5569 | D:6      | Found a transporter.
  5569 | D:6      | Noticed Taurus's ghost (novice MiFi)
  5569 | D:6      | Reached * piety under the Shining One
  5580 | D:6      | Found a transporter.
  5589 | D:6      | Killed Taurus's ghost
  5599 | D:6      | Identified the ring "Qefyquo" {Will+ Dex+6}
  6867 | D:8      | Reached ** piety under the Shining One
  6890 | D:8      | Reached XP level 10. HP: 13/86 MP: 19/19
  6890 | D:8      | HP: 2/86 [wight/+0 trident (11)]
  6891 | D:8      | The Shining One protects you from harm!
  6898 | D:8      | Slain by a wight

Illustrated notes

Levels and vault maps discovered:
D:1:      evilmike_arrival_hilbert_curve, layout_basic
D:2:      layout_loops_corners, st_stairs_5, kennysheep_generic_room_5,
          uniq_terence
D:3:      layout_loops_ring, hellmonk_ecumenical_altar_lost_god,
          lightli_corner_chamber
D:4:      layout_cave_pods, nicolae_qazlal_eye_of_the_storm,
          mainiacjoe_overflow_paths, serial_shops, nicolae_shop_statue_plus,
          nicolae_wormholes, uniq_blork_the_orc
D:5:      black_bear_nest_1, layout_loops_corners,
          grunt_temple_overflow_holy_war, mainiacjoe_overflow_six_doors_small,
          chequers_temple_overflow_minitemple, kennysheep_mini
D:6:      layout_basic, minmay_temple_entry_crystal_x,
          gammafunk_ghost_stat_death, minivault_27, uniq_edmund, uniq_pikel,
          uniq_menkaure
D:7:      layout_loops_corners
D:8:      layout_cave_pools, mainiacjoe_overflow_catch_the_wave,
          erik_lair_orcish_takeover, kennysheep_generic_room_4

Skill      XL: |  1  2  3  4  5  6  7  8  9 |
---------------+----------------------------+-----
Fighting       | 4 5 6 7 |  7.3
Armour         | 4 5 6 8 9 |  9.7
Shields        | 4 5 |  5.8
Axes           | 3 4 |  4.3
Dodging        | 1 2 3 4 |  4.1
Short Blades   | 2 3 5 7 9 |  9.7
Throwing       | 1 |  1.2
Stealth        | 1 |  1.3

Action                   |  1- 3 |  4- 6 |  7- 9 | 10-12 || total
-------------------------+-------+-------+-------+-------++-------
Melee: War axe           |    77 |    20 |       |       ||    97
       Headbutt          |    11 |    10 |    43 |     1 ||    65
       Cutlass           |       |    78 |   218 |     1 ||   297
Throw: Dart              |     7 |     5 |       |       ||    12
  Use: Scroll            |       |     8 |     5 |       ||    13
       Potion            |       |       |     2 |     1 ||     3
Armor: Scale mail        |    39 |    23 |    81 |       ||   143
       Chain mail        |       |       |    29 |       ||    29
Dodge: Dodged            |    33 |    49 |   133 |     1 ||   216
Block: Buckler           |    19 |    21 |    61 |     2 ||   103

Table legend: (Time is in decaauts)
 A = Elapsed time spent in this place.
 B = Non-inter-level travel time spent in this place.
 C = Inter-level travel time spent in this place.
 D = Time resting spent in this place.
 E = Time spent auto-exploring this place.
 F = Levels seen in this place.
 G = Mean time per level.
                   A        B        C        D        E       F      G
               +--------+--------+--------+--------+--------+-----+--------+
         Total |   6828 |   6625 |    203 |    123 |   4947 |   8 |  853.5 |
       Dungeon |   6828 |   6625 |    203 |    123 |   4947 |   8 |  853.5 |
               +--------+--------+--------+--------+--------+-----+--------+

Top non-repeatable levels by time:
     D:6: 1351 daAuts
     D:5: 1035 daAuts
     D:4: 1022 daAuts
     D:7: 957 daAuts
     D:2: 862 daAuts
     D:3: 810 daAuts
     D:1: 692 daAuts
     D:8: 95 daAuts
